 Crawl Stoat Soup version 0.23-ish-327-95-g181beea39d (console) character file.

23662 hilarita the Frost Mage (level 13, -6/86 HPs)
             Began as a Faerie Dragon Ice Elementalist on Apr 12, 2024.
             Was a High Priest of Sif Muna.
             Mangled by a polar bear (21 damage)
             ... in an ice cave.
             The game lasted 00:53:38 (16209 turns).

hilarita the Frost Mage (FDIE)                     Turns: 16209, Time: 00:53:39

Health: -6/86      AC: 21    Str:  8    XL:     13   Next: 8%
Magic:  2/26       EV: 14    Int: 32    God:    Sif Muna [*****.]
Gold:   515        SH:  6    Dex: 15    Spells: 3/30 levels left

rFire    x . .     SeeInvis .   d - +1 short sword
rCold    + . .     Gourm    .   (shield restricted)
rNeg     . . .     Faith    +   (armour unavailable)
rPois    .         Spirit   .   p - +2 hat
rElec    .         Warding  .   H - +0 cloak of Tacs {Str+2 Int+6} (curse)
rCorr    .         Reflect  .   (no gloves)
MR       +....     Harm     .   (no boots)
Stlth    +.........             B - amulet of faith
HPRegen  0.24/turn              u - +4 ring of intelligence
MPRegen  0.20/turn              r - ring of ice

@: icy armour, flying, slow
A: small, sparkly, unfitting armour, magic attunement, magical scales, able to
fly
a: Stop Flying, Divine Energy, Channel Magic, Forget Spell, Renounce Religion


You were in an ice cave.
You worshipped Sif Muna.
Sif Muna was extremely pleased with you.
You were very hungry.

You visited 2 branches of the dungeon, and saw 13 of its levels.
You also visited: Sewer and Ice Cave.

You collected 515 gold pieces.

Inventory:

Hand Weapons
 d - a +1 short sword (weapon)
Missiles
 e - 20 poisoned darts (quivered)
 j - 285 stones
 w - 247 arrows
Armour
 p - a +2 hat (worn)
 H - the cursed +0 cloak of Tacs (worn) {Str+2 Int+6}
   (You found it on level 8 of the Dungeon)

   It affects your strength (+2).
   It affects your intelligence (+6).
   It has a curse placed upon it.
Jewellery
 l - an uncursed ring of positive energy
 r - a ring of ice (right hand)
 t - an uncursed ring of poison resistance
 u - a +4 ring of intelligence (left hand)
 B - an amulet of faith (around neck)
Wands
 s - a wand of random effects (25 charges)
 C - 2 wands of digging (18 charges)
 E - 2 wands of flame (42 charges)
 I - a wand of iceblast (11 charges)
Scrolls
 a - 2 scrolls of enchant weapon
 m - 9 scrolls of teleportation
 v - 3 scrolls of amnesia
 y - 4 scrolls of remove curse
 z - a scroll of fog
 F - a scroll of blinking
 G - 5 scrolls of noise
Potions
 c - 4 potions of cancellation
 f - a potion of ambrosia
 g - 3 potions of curing
 h - 4 potions of haste
 i - 2 potions of agility {unknown}
 k - 2 potions of lignification
 n - a potion of berserk rage
 x - 3 potions of magic
 A - 2 potions of might
 D - 3 potions of invisibility
Comestibles
 b - 13 bread rations
 o - 7 meat rations


   Skills:
 + Level 7.3 Fighting
 - Level 2.1 Dodging
 - Level 1.2 Stealth
 + Level 9.3 Spellcasting
 - Level 8.0 Conjurations
 + Level 7.8 Charms
 + Level 7.8 Summonings
 * Level 14.1 Ice Magic
 + Level 6.5 Invocations


You had 3 spell levels left.
You knew the following spells:

 Your Spells              Type           Power        Failure   Level  Hunger
a - Freeze                Ice            25/25        0%          1    None
b - Throw Frost           Conj/Ice       50/50        1%          2    None
c - Ozocubu's Armour      Chrm/Ice       91/100       1%          3    None
d - Summon Ice Beast      Ice/Summ       91/100       1%          4    None
e - Throw Icicle          Conj/Ice       91/100       1%          4    None
f - Magic Dart            Conj           25/25        1%          1    None
g - Dazzling Spray        Conj/Hex       40/50        1%          3    None
h - Glaciate              Conj/Ice       91/200       100%        9    None

Your spell library contained the following spells:

 Spells                   Type           Power        Failure   Level  Hunger
 Sting                    Conj/Pois      25/25        1%          1    None
 Searing Ray              Conj           50/50        1%          2    None
 Conjure Flame            Conj/Fire      40/100       1%          3    None
 Static Discharge         Conj/Air       40/100       1%          3    None
 Slow                     Hex            14/100       4%          2    None
 Iskenderun's Mystic Bla  Conj           60/100       1%          4    None
 Force Lance              Conj/Tloc      40/100       6%          4    None
 Fulminant Prism          Conj/Hex       40/200       6%          4    None
 Yara's Violent Unravell  Hex/Tmut       14/200       67%         5    None
 Invisibility             Hex            14/100       99%         6    None


Dungeon Overview and Level Annotations

Branches:
Dungeon (12/15)            Temple (1/1) D:7            Lair (0/6) D:10
    Orc (0/2) D:10

Altars:
Dithmenos
Fedhas
Gozag
Hepliaklqana
Kikubaaqudgha
Nemelex Xobeh
Qazlal
Sif Muna
Trog
Vehumet
Wu Jian
Xom
Yredelemnul
Zin
The Shining One

Shops:
D:12 (


Innate Abilities, Weirdness & Mutations

Your sparkly wings attract attention (Stealth-).
You are small and have problems with some larger weapons.
You cannot fit into any form of body armour.
Your spells do not cause hunger; their MP costs are reduced by 1.
Your shimmering scales repel attacks (AC +6, SH +6).
You can fly continuously.


Message History

The polar bear is severely wounded.
The polar bear goes berserk!
Casting: Freeze (safe; 0% risk of failure)
Confirm with . or Enter, or press ? or * to list all spells.
Aiming: Freeze (safe; 0% risk of failure)
Press: ? - help, Shift-Dir - straight line, f/p - polar bear
Aim: a polar bear (severely wounded, berserk, fast, unusually strong)
You feel a surge of power!
You freeze the polar bear.
The polar bear resists.
The polar bear is severely wounded.
You block the polar bear's attack. x2
The polar bear claws you but does no damage.
Casting: Freeze (safe; 0% risk of failure)
Confirm with . or Enter, or press ? or * to list all spells.
Aiming: Freeze (safe; 0% risk of failure)
Press: ? - help, Shift-Dir - straight line, f/p - polar bear
Aim: a polar bear (severely wounded, berserk, fast, unusually strong)
You feel a surge of power!
You freeze the polar bear.
The polar bear resists.
The polar bear is severely wounded.
The polar bear bites you!!
You die...

#≈≈##≈≈# ###..##
##≈≈#≈≈## ##..#
#≈≈≈≈≈≈≈########
#≈#≈≈≈≈≈≈#≈#
#.≈#≈#≈≈≈≈≈##
##.##≈≈≈#≈≈≈### ##
#..#≈≈≈≈≈#≈≈≈## #.
##.##≈≈#≈#≈≈≈≈≈
#.###.#≈≈≈≈≈≈≈##≈≈
##.#.##≈≈≈≈#≈≈##≈≈
#@...#≈≈##≈≈≈≈###≈
#h#.##≈###≈≈≈≈# ##
##Y###≈≈# ##≈### #
#h###≈≈≈# ##≈#
#h##≈≈≈≈# ###
#h.#≈≈≈≈#
##.#≈≈≈## ##Y#≈≈≈#
#.##≈≈≈# #†##≈≈##
#hh##≈#


You could see 4 polar bears and a yak.

Vanquished Creatures
  Maud (D:10)
  A frost giant (IceCv)
  Erica (D:8)
  5 two-headed ogres
  An unseen horror (D:10)
  2 ugly things (D:11)
  A gargoyle (D:11)
  2 trolls (D:11)
  8 polar bears (IceCv)
  A hornet (D:9)
  20 yaks
  Sigmund (D:2)
  A vampire (D:9)
  Grum (D:8)
  2 hogs (D:8)
  A steam dragon (D:11)
  Eustachio (D:6)
  A hippogriff (D:7)
  A hungry ghost (D:12)
  Edmund (D:6)
  A porcupine (D:10)
  4 orc warriors
  4 black bears
  4 sky beasts
  14 wolves
  8 centaurs
  6 ogres
  2 phantoms (D:9)
  2 crocodiles
  4 big kobolds
  9 bullfrogs
  A wyvern skeleton (D:10)
  2 scorpions (D:9)
  5 wights (D:11)
  A howler monkey (D:5)
  3 centaur zombies
  2 quasits
  2 goliath beetles
  6 jellies
  10 orc priests
  A centaur skeleton (D:6)
  4 hounds
  4 iguanas
  7 worker ants
  16 orc wizards
  A hound zombie (D:8)
  A worker ant zombie (D:10)
  A howler monkey skeleton (D:10)
  15 adders
  3 river rats
  A shadow imp (D:7)
  6 white imps
  3 ufetubi
  2 oozes
  An adder skeleton (D:4)
  13 worms
  2 dart slugs
  2 leopard geckos
  50 orcs
  8 giant cockroaches
  4 goblins
  8 hobgoblins
  17 jackals
  5 weasels
  5 ball pythons
  8 bats
  5 frilled lizards
  A jackal skeleton (D:4)
  25 kobolds
  A leopard gecko zombie (D:5)
  13 rats
376 creatures vanquished.

Vanquished Creatures (collateral kills)
  A death yak (IceCv)
  2 polar bears (IceCv)
  9 yaks
  2 hogs (D:8)
  A human (D:8)
  Menkaure (D:4)
  A sky beast (D:6)
  A centaur (D:5)
  3 wolves
  A quasit (D:8)
  An adder (D:5)
  2 river rats (D:5)
  A shadow imp (D:6)
  9 white imps
  2 worms (D:5)
  3 orcs
40 creatures vanquished.

Vanquished Creatures (others)
  2 polar bears (IceCv)
  A yak (IceCv)
  A wolf (IceCv)
  5 fungi (D:10)
9 creatures vanquished.

Grand Total: 425 creatures vanquished

Notes
Turn   | Place    | Note
-------+----------+-------------------------------------------
     0 | D:1      | hilarita the Faerie Dragon Ice Elementalist began the quest
                  | for the Orb.
     0 | D:1      | Reached XP level 1. HP: 11/11 MP: 3/3
   284 | D:1      | Reached skill level 4 in Ice Magic
   284 | D:1      | Reached XP level 2. HP: 18/18 MP: 5/5
   538 | D:1      | Learned a level 2 spell: Throw Frost
   812 | D:2      | Reached XP level 3. HP: 17/22 MP: 7/7
  1004 | D:2      | Noticed Sigmund
  1010 | D:2      | Killed Sigmund
  1010 | D:2      | Reached skill level 1 in Fighting
  1010 | D:2      | Reached skill level 5 in Ice Magic
  1010 | D:2      | Reached XP level 4. HP: 19/29 MP: 4/9
  1010 | D:2      | Reached XP level 5. HP: 22/34 MP: 4/10
  1018 | D:2      | Learned a level 3 spell: Ozocubu's Armour
  1023 | D:2      | Learned a level 4 spell: Summon Ice Beast
  1564 | D:2      | You are sucked into a shaft!
  1629 | D:3      | Found a shimmering altar of Xom.
  1791 | D:3      | Reached XP level 6. HP: 39/39 MP: 11/11
  1849 | D:3      | Reached skill level 1 in Charms
  2301 | D:4      | Reached skill level 1 in Summonings
  2301 | D:4      | Reached skill level 6 in Ice Magic
  2302 | D:4      | Noticed a spatial vortex
  2927 | D:4      | Noticed Menkaure
  2937 | D:4      | Killed Menkaure
  2937 | D:4      | Reached XP level 7. HP: 35/45 MP: 6/13
  2943 | D:4      | Learned a level 4 spell: Throw Icicle
  3426 | D:5      | Entered Level 5 of the Dungeon
  3706 | D:5      | Found a blossoming altar of Fedhas.
  3787 | D:5      | HP: 4/45 [worm (11)]
  3859 | D:5      | Found a glowing drain.
  3929 | Sewer    | Entered a sewer
  4237 | Sewer    | Reached skill level 7 in Ice Magic
  4237 | Sewer    | Reached XP level 8. HP: 51/51 MP: 14/14
  5124 | D:5      | Found an ornate altar of the Wu Jian Council.
  5511 | D:6      | Reached skill level 5 in Spellcasting
  5615 | D:6      | Reached skill level 8 in Ice Magic
  5630 | D:6      | Reached skill level 5 in Conjurations
  5899 | D:6      | Reached XP level 9. HP: 57/58 MP: 16/16
  6120 | D:6      | Noticed Eustachio
  6138 | D:6      | Killed Eustachio
  6283 | D:6      | Noticed Edmund
  6286 | D:6      | Killed Edmund
  6797 | D:7      | Found a staircase to the Ecumenical Temple.
  6803 | Temple   | Entered the Ecumenical Temple
  6811 | Temple   | Became a worshipper of Sif Muna the Loreminder
  6844 | D:7      | Found a shadowy altar of Dithmenos.
  7039 | D:7      | Reached skill level 9 in Ice Magic
  7472 | D:7      | Reached skill level 1 in Invocations
  7641 | D:7      | Reached * piety under Sif Muna
  8257 | D:8      | Displaced on stairs
  8403 | D:8      | Found a basalt altar of Yredelemnul.
  8586 | D:8      | Reached XP level 10. HP: 64/65 MP: 5/19
  8600 | D:8      | Noticed Grum
  8605 | D:8      | Killed Grum
  8818 | D:8      | Got a transparent cloak
  8824 | D:8      | Identified the cursed +0 cloak of Tacs {Str+2 Int+6} (You
                  | found it on level 8 of the Dungeon)
  8868 | D:8      | Noticed Erica
  8877 | D:8      | HP: 6/65 [something (4)]
  8882 | D:8      | HP: 3/65 [something (9)]
  8884 | D:8      | Killed Erica
  8884 | D:8      | Reached ** piety under Sif Muna
  8884 | D:8      | Reached skill level 5 in Charms
  8884 | D:8      | Reached skill level 10 in Ice Magic
  9620 | D:8      | Noticed a two-headed ogre
  9626 | D:8      | Killed a two-headed ogre
  9626 | D:8      | Reached skill level 5 in Fighting
  9626 | D:8      | Reached skill level 5 in Summonings
 10013 | D:9      | Reached skill level 11 in Ice Magic
 10014 | D:9      | Noticed a two-headed ogre
 10017 | D:9      | Killed a two-headed ogre
 10017 | D:9      | Reached *** piety under Sif Muna
 10017 | D:9      | Reached XP level 11. HP: 72/72 MP: 6/21
 10335 | D:9      | Found an ancient bone altar of Kikubaaqudgha.
 10473 | D:9      | Noticed a two-headed ogre
 10477 | D:9      | Killed a two-headed ogre
 10711 | D:9      | Learned a level 1 spell: Magic Dart
 10715 | D:9      | Learned a level 3 spell: Dazzling Spray
 10895 | D:10     | Entered Level 10 of the Dungeon
 11160 | D:10     | Found a staircase to the Orcish Mines.
 11170 | D:10     | Noticed a two-headed ogre
 11173 | D:10     | Killed a two-headed ogre
 11355 | D:10     | Killed an unseen horror
 11355 | D:10     | Reached **** piety under Sif Muna
 11355 | D:10     | Reached skill level 12 in Ice Magic
 11462 | D:10     | Found a staircase to the Lair.
 11481 | D:10     | Noticed a two-headed ogre
 11483 | D:10     | Killed a two-headed ogre
 11484 | D:10     | Noticed Maud
 11490 | D:10     | Killed Maud
 11490 | D:10     | Reached skill level 5 in Invocations
 11720 | D:10     | Reached XP level 12. HP: 79/79 MP: 1/24
 12265 | D:10     | Reached ***** piety under Sif Muna
 12265 | D:10     | Identified Sif Muna's Handbook of Bewitchment (Sif Muna
                  | gifted it to you on level 10 of the Dungeon)
 12265 | D:10     | Received a gift from Sif Muna
 13416 | D:11     | Reached skill level 13 in Ice Magic
 14044 | D:12     | Found Xen Sonu's Weapon Shop.
 14340 | D:12     | Found a frozen archway.
 14488 | IceCv    | Entered an ice cave
 15450 | IceCv    | Identified Siguneopn's Disquisition on Confrontation (Sif
                  | Muna gifted it to you in an ice cave)
 15450 | IceCv    | Received a gift from Sif Muna
 15621 | IceCv    | Noticed a death yak
 15635 | IceCv    | Killed a death yak
 15829 | IceCv    | Learned a level 9 spell: Glaciate
 16165 | IceCv    | Noticed a frost giant
 16195 | IceCv    | Killed a frost giant
 16195 | IceCv    | Reached skill level 14 in Ice Magic
 16195 | IceCv    | Reached XP level 13. HP: 12/86 MP: 8/26
 16209 | IceCv    | Mangled by a polar bear

Vault maps used:
D:1:      lemuel_arrival_funnel
D:2:      chequers_ecumenical_altar_lobes, uniq_sigmund
D:3:      xom_butterflies, first_bread, nrook_mini_backslash,
          grunt_decor_fettered, serial_park_tiny_2
D:4:      serial_bayou, serial_bayou_pond_b, serial_bayou_crossing,
          serial_bayou_lake_a, serial_bayou_shore_b, uniq_menkaure
D:5:      grunt_temple_overflow_open, lightli_sewer_entry_pipes
D:6:      lemuel_flame_loot_1, uniq_eustachio, uniq_edmund
D:7:      marbit_many_paths, minmay_temple_entry_enclosed_plants
D:8:      nicolae_overflow_crystal_walls, grunt_livestock, uniq_grum, uniq_erica
D:9:      basic_altar
D:10:     due_lair_maze_entry_diamond, orc_0_dummy, palyth_stone_intersect,
          minmay_misc_feat_chi, uniq_maud
D:12:     portal_ice_cave_entry_imps, serial_shops, kennysheep_mini,
          kennysheep_opposing_triangles, uniq_rupert
Temple:   eino_narrow_crystal_temple
Sewer:    sewer_co_15_rooms
IceCv:    ice_cave_caverns_03

Skill      XL: |  1  2  3  4  5  6  7  8  9 10 11 12 |
---------------+-------------------------------------+-----
Ice Magic      | 4 5 6 7 8 9 11 12 14 | 14.1
Fighting       | 1 2 3 4 5 6 7 |  7.3
Spellcasting   | 3 4 5 6 7 8 9 |  9.3
Conjurations   | 2 3 4 5 6 7 8 |  8.0
Charms         | 1 2 3 4 5 6 7 |  7.8
Summonings     | 1 2 3 4 5 6 7 |  7.8
Invocations    | 2 3 5 6 |  6.5
Dodging        | |  2.1
Stealth        | |  1.2

Action                   |  1- 3 |  4- 6 |  7- 9 | 10-12 | 13-15 || total
-------------------------+-------+-------+-------+-------+-------++-------
Melee: Unarmed           |     1 |    10 |       |       |       ||    11
       Short sword       |       |       |    57 |     9 |       ||    66
Throw: Dart              |       |     1 |     8 |     3 |       ||    12
 Cast: Freeze            |    43 |    98 |   272 |   240 |     3 ||   656
       Throw Frost       |     3 |    17 |    25 |    26 |       ||    71
       Summon Ice Beast  |       |     2 |     9 |    16 |     1 ||    28
       Ozocubu's Armour  |       |     2 |    19 |    31 |       ||    52
       Throw Icicle      |       |       |    28 |   194 |     3 ||   225
       Magic Dart        |       |       |       |     4 |       ||     4
Invok: Channel Magic     |       |       |       |     2 |       ||     2
  Use: Scroll            |     3 |     9 |     7 |     7 |       ||    26
       Potion            |       |       |       |     3 |       ||     3
 Stab: Distracted        |       |       |     1 |       |       ||     1
  Eat: Chunk             |       |     6 |    17 |    18 |       ||    41
       Bread ration      |       |       |       |     1 |       ||     1
       Fruit             |       |       |       |     1 |       ||     1
Armor: Skin              |     6 |    17 |    69 |   120 |     1 ||   213
Dodge: Dodged            |    19 |    44 |   158 |   183 |     1 ||   405
Block: Other             |     8 |    21 |    68 |    99 |     2 ||   198

Table legend:
 A = Spawn XP
 B = Non-spawn XP
 C = Spawn XP percentage of total XP
 D = Spawn monster count
 E = Non-spawn monster count
 F = Spawn count percentage of total count
 G = Total turns spent on level
                    A         B        C        D         E        F      G
               +---------+---------+-------+---------+---------+-------+---------
         Total |    3871 |   29933 |  11.5 |      52 |     364 |  12.5 | 16209
               +---------+---------+-------+---------+---------+-------+---------
           D:1 |       5 |      22 |  18.5 |       3 |      13 |  18.8 |   785
           D:2 |       3 |     265 |   1.1 |       2 |      28 |   6.7 |   779
           D:3 |       2 |     161 |   1.2 |       1 |      17 |   5.6 |   731
           D:4 |      70 |     287 |  19.6 |       3 |      15 |  16.7 |  1131
           D:5 |     136 |     751 |  15.3 |       6 |      32 |  15.8 |  1313
           D:6 |      42 |     805 |   5.0 |       2 |      22 |   8.3 |  1296
           D:7 |     131 |    1170 |  10.1 |       2 |      29 |   6.5 |  1569
           D:8 |     278 |    4068 |   6.4 |      16 |      40 |  28.6 |  1584
           D:9 |    1172 |    2982 |  28.2 |       5 |      28 |  15.2 |  1190
          D:10 |     125 |    6748 |   1.8 |       1 |      42 |   2.3 |  1320
          D:11 |    1730 |    2793 |  38.2 |      10 |      18 |  35.7 |  1688
          D:12 |     177 |     552 |  24.3 |       1 |      20 |   4.8 |   449
         Sewer |       0 |     184 |   0.0 |       0 |      21 |   0.0 |   636
         IceCv |       0 |    9145 |   0.0 |       0 |      39 |   0.0 |  1721
               +---------+---------+-------+---------+---------+-------+---------
